 Dungeon Crawl Stone Soup version 0.25-a0-2-g6559c6c67a (webtiles) character file.

Game seed: 10598105360881957126, levelgen mode: deterministic

42 Arixos the Charmwright (level 3, 0/18 HPs)
             Began as a Vine Stalker Skald on Oct 14, 2019.
             Slain by a worm (9 damage)
             ... on level 2 of the Dungeon.
             The game lasted 00:03:09 (395 turns).

Arixos the Charmwright (Vine Stalker Skald)          Turns: 395, Time: 00:03:10

Health: 0/18       AC:  3    Str: 13    XL:     3   Next: 56%
Magic:  0/7        EV: 12    Int: 13    God:
Gold:   0          SH:  0    Dex: 14    Spells: 6/7 levels left

rFire    . . .     SeeInvis .   a - +0 falchion
rCold    . . .     Gourm    .   (no shield)
rNeg     . . .     Faith    .   b - +0 leather armour
rPois    .         Spirit   +   (no helmet)
rElec    .         Reflect  .   (no cloak)
rCorr    .         Harm     .   (no gloves)
MR       .....                  (no boots)
Stlth    +.........             (no amulet)
HPRegen  0.06/turn              (no ring)
MPRegen  0.10/turn              (no ring)

@: infused
A: fangs 2, magic shield, antimagic bite, no potion heal 3, rot immunity
a: no special abilities


You were on level 2 of the Dungeon.
You were not hungry.

You visited 1 branch of the dungeon, and saw 2 of its levels.

Inventory:

Hand Weapons
 a - a +0 falchion (weapon)
Armour
 b - a +0 leather armour (worn)
Comestibles
 d - a ration


   Skills:
 + Level 2.2 Fighting
 + Level 2.1 Long Blades
 - Level 0.7 Armour
 + Level 2.0 Dodging
 + Level 2.6 Spellcasting
 + Level 3.3 Charms


You had 6 spell levels left.
You knew the following spells:

 Your Spells              Type           Power        Failure   Level  Hunger
a - Infusion              Chrm           ##..         8%          1    #......

Your spell library contained the following spells:

 Spells                   Type           Power        Failure   Level  Hunger
 Song of Slaying          Chrm           ##......     12%         2    ###....
 Shroud of Golubria       Chrm/Tloc      #.....       24%         2    ###....
 Regeneration             Chrm/Necr      #.........   43%         3    ###....
 Spectral Weapon          Hex/Chrm       #.......     43%         3    ###....


Dungeon Overview and Level Annotations

Branches:
Dungeon (2/15)

Altars:


Innate Abilities, Weirdness & Mutations

You have extremely sharp teeth.
When hurt, damage is shared between your health and your magic reserves.
Your bite disrupts and absorbs the magic of your enemies.
Potions cannot restore your health.
You are immune to rotting.


Message History

Confirm with . or Enter, or press ? or * to list all spells.
You extend your infusion's duration.
You barely miss the worm. You bite the worm. You drain its power.
You feel invigorated.
The worm is lightly wounded.
The worm bites you!
You barely miss the worm. You hit the worm.
The worm is lightly wounded.
The worm bites you.
You barely miss the worm.
The worm is lightly wounded.
The worm bites you but does no damage.
You hit the worm.
The worm is heavily wounded.
You hit the worm. You bite the worm, but do no damage.
The worm is heavily wounded.
The worm bites you!
Ouch! That really hurt!
You die...

#......####
#......(..######
#####.).(.#..."#
###.....#....#
#...(...'....+
#...(.(.#....# #
#...#+#.....##(#.
#..)#..(.<........
#...#...@....#.#.#
#...#...w.#..# #
#####..(.....#
#....###.# .......
... ###.###.. .###
#. #.# .. .. ##.
..#


You could see a worm.

Vanquished Creatures
  6 oozes (D:1)
  3 giant cockroaches (D:1)
  A hobgoblin (D:2)
  3 jackals (D:1)
  2 kobolds (D:2)
  3 rats (D:1)
18 creatures vanquished.

Notes
Turn   | Place    | Note
-------+----------+-------------------------------------------
     0 | D:1      | Arixos the Vine Stalker Skald began the quest for the Orb.
     0 | D:1      | Reached XP level 1. HP: 11/11 MP: 4/4
     1 | D:1      | Found a runed translucent door.
    17 | D:1      | Reached XP level 2. HP: 15/15 MP: 6/6
    41 | D:1      | Reached XP level 3. HP: 3/18 MP: 0/7
   395 | D:2      | Slain by a worm

Levels and vault maps discovered:
D:1:      dpeg_arrival_caged_fury, layout_loops_corners
D:2:      layout_basic, first_ration

Skill      XL: |  1  2  3 |
---------------+----------+-----
Fighting       | 2 |  2.2
Long Blades    | 2 |  2.1
Dodging        | 2 |  2.0
Armour         | |  0.7
Spellcasting   | |  2.6
Charms         | |  3.3

Action                   || total
-------------------------++-------
Melee: Falchion          ||    51
       Bite              ||    21
 Cast: Infusion          ||     4
 Stab: Sleeping          ||     1
Armor: Leather armour    ||    15
Dodge: Dodged            ||    35
       Rpst.: Falchion   ||    13

Table legend:
 A = Non-vault XP
 B = Vault XP
 C = Vault XP percentage of total XP
 D = Non-vault monster count
 E = Vault monster count
 F = Vault count percentage of total count
                 A         B        C        D         E       F
            +---------+---------+-------+---------+---------+-------
      Total |       5 |      56 |  91.8 |       4 |      14 |  77.8
            +---------+---------+-------+---------+---------+-------
        D:1 |       1 |      56 |  98.2 |       1 |      14 |  93.3
        D:2 |       4 |       0 |   0.0 |       3 |       0 |   0.0
            +---------+---------+-------+---------+---------+-------
